 Dungeon Crawl Stone Soup version 0.29-a0-459-g97dee8cd24 (webtiles) character file.

Game seed: 17995289774772613203

7868 zishaf the Thaumaturge (level 11, -3/84 HPs)
             Began as a Djinni Venom Mage on May 20, 2022.
             Was a Believer of Makhleb.
             Slain by a seven-headed hydra (8 damage)
             ... on level 11 of the Dungeon.
             The game lasted 00:32:54 (15208 turns).

zishaf the Thaumaturge (Djinni Venom Mage)         Turns: 15208, Time: 00:32:56

Health: -3/84      AC:  9    Str:  7    XL:     11   Next: 45%
Gold:   773        EV: 13    Int: 20    God:    Makhleb [**....] SH:  0 Dex: 21

rFire   + + .      SeeInvis .   o - +3 dagger (venom)
rCold   x . .      Faith    .   (no shield)
rNeg    . . .      Spirit   .   v - +2 robe {Will+}
rPois   ∞          Reflect  .   y - +0 helmet
rElec   .          Harm     .   p - +2 cloak
rCorr   .          Rampage  .   L - +0 pair of gloves
Will    +++..                   (boots unavailable)
Stlth   ++........              (no amulet)
HPRegen 0.24/turn               J - +6 ring of dexterity
MPRegen 0.00/turn               h - ring of willpower

@: flying
A: sickness immunity, fire resistance 2, cold vulnerability 1, float, innate
caster, HP casting, extra vitality 1
a: Renounce Religion, Minor Destruction


You were on level 11 of the Dungeon.
You worshipped Makhleb.
Makhleb was pleased with you.
You visited 2 branches of the dungeon, and saw 12 of its levels.
You also visited: Ossuary.

You collected 773 gold pieces.

Inventory:

Hand Weapons
 g - a +0 dagger
 o - a +3 dagger of venom (weapon)
 H - a +1 dagger of electrocution
Missiles
 i - 291 stones
Armour
 a - a +0 robe
 p - a +2 cloak (worn)
 v - a +2 robe of willpower (worn)
 x - a +0 leather armour of cold resistance
 y - a +0 helmet (worn)
 L - a +0 pair of gloves (worn)
Jewellery
 b - a ring of positive energy
 d - a ring of fire
 h - a ring of willpower (right hand)
 l - an amulet of faith
 J - a +6 ring of dexterity (left hand)
 K - a +6 ring of strength
Wands
 k - a wand of digging (6)
 u - a wand of charming (9)
 D - a wand of iceblast (7)
Scrolls
 j - 7 scrolls of teleportation
 q - 3 scrolls of fog
 z - 2 scrolls of poison
 A - 2 scrolls of magic mapping
 B - a scroll of fear
 C - 2 scrolls of immolation
 F - 2 scrolls of enchant weapon
 I - a scroll of summoning
 N - a scroll of vulnerability
Potions
 c - 3 potions of attraction
 e - 3 potions of berserk rage
 f - 2 potions of ambrosia
 m - 2 potions of resistance
 n - 3 potions of haste
 r - 6 potions of lignification
 s - 6 potions of curing
 t - 3 potions of brilliance
 w - 2 potions of heal wounds
 E - 2 potions of cancellation
 G - 4 potions of mutation
 M - a potion of might


   Skills:
 + Level 9.3 Fighting
 - Level 2.1 Dodging
 - Level 1.5 Stealth
 * Level 10.5 Spellcasting
 + Level 5.3 Invocations


You had 8 spell levels left.
You knew the following spells:

 Your Spells              Type           Power      Damage    Failure   Level
a - Sting                 Tmut/Pois      100%       1d8       1%          1
b - Sandblast             Erth           100%       2d20      1%          1
c - Mephitic Cloud        Conj/Pois/Air  51%        N/A       1%          3
d - Olgreb's Toxic Radia  Pois           51%        N/A       1%          4
e - Poisonous Vapours     Pois/Air       100%       N/A       1%          2
f - Inner Flame           Hex/Fire       51%        N/A       1%          3
g - Dazzling Flash        Conj/Hex       100%       N/A       1%          3
h - Petrify               Tmut/Erth      51%        N/A       1%          4
A - Call Imp              Summ           51%        N/A       1%          2
Your spell library was empty.

Dungeon Overview and Level Annotations

Branches:
Dungeon (11/15)            Temple (1/1) D:7            Lair (0/6) D:10
    Orc (0/2) D:11        Ossuary (visited)

Altars:
Ashenzari
Cheibriados
Dithmenos
Elyvilon
Fedhas
Gozag
Hepliaklqana
Kikubaaqudgha
Makhleb
Nemelex Xobeh
Okawaru
Qazlal
Ru
Sif Muna
Trog
Uskayaw
Vehumet
Wu Jian
Xom
Yredelemnul
Zin
The Shining One

Shops:
D:2 !   D:4 !

Annotations:
D:8 3 runed translucent doors, quokkamancerX's ghost, novice TrFi


Innate Abilities, Weirdness & Mutations

You are immune to sickness and miasma.
You are immune to poison.
Your flesh is very heat resistant. (rF++)
You are vulnerable to cold. (rC-)
You float through the air rather than walking.
You learn spells naturally, not from books.
Your magical power is your life essence.
You have superior vitality. (+4 MHP)


Message History

Press: ? - help, Shift-Dir - straight line, f/p - seven-headed hydra
Aim: a seven-headed hydra (chance to affect: 37%)
The seven-headed hydra easily resists.
Casting: Petrify (mildly dangerous; 1% risk of failure)
Confirm with . or Enter, or press ? or * to list all spells.
Aiming: Petrify (mildly dangerous; 1% risk of failure)
Press: ? - help, Shift-Dir - straight line, f/p - seven-headed hydra
Aim: a seven-headed hydra (chance to affect: 37%)
The seven-headed hydra easily resists.
The seven-headed hydra barely misses you. x2
The seven-headed hydra bites you. x2; The seven-headed hydra bites you!
The seven-headed hydra bites you but does no damage.
The seven-headed hydra bites you!
Casting: Petrify (mildly dangerous; 1% risk of failure)
Confirm with . or Enter, or press ? or * to list all spells.
Aiming: Petrify (mildly dangerous; 1% risk of failure)
Press: ? - help, Shift-Dir - straight line, f/p - seven-headed hydra
Aim: a seven-headed hydra (chance to affect: 37%)
The seven-headed hydra easily resists.
The seven-headed hydra closely misses you.
The seven-headed hydra misses you. The seven-headed hydra bites you.
The seven-headed hydra closely misses you.
The seven-headed hydra bites you but does no damage.
The seven-headed hydra bites you!
The seven-headed hydra bites you but does no damage.
Casting: Petrify (mildly dangerous; 1% risk of failure)
Confirm with . or Enter, or press ? or * to list all spells.
Aiming: Petrify (mildly dangerous; 1% risk of failure)
Press: ? - help, Shift-Dir - straight line, f/p - seven-headed hydra
Aim: a seven-headed hydra (chance to affect: 37%)
The seven-headed hydra easily resists.
* * * LOW HITPOINT WARNING * * *
The seven-headed hydra bites you!
* * * LOW HITPOINT WARNING * * *
The seven-headed hydra bites you!
* * * LOW HITPOINT WARNING * * *
The seven-headed hydra bites you but does no damage.
The seven-headed hydra barely misses you.
The seven-headed hydra bites you!
You die...

################
#####.## ##########
#.@D...#
.........######.##...#
########.....##.# #.#
#####.##.# # #....#
######


You could see a seven-headed hydra.

Vanquished Creatures
  An ugly thing (D:11)
  A hornet (D:10)
  A shadow (D:11)
  13 yaks
  Sigmund (D:2)
  A vampire (D:11)
  Eustachio (D:6)
  A wyvern (D:10)
  Grum (D:9)
  Menkaure (D:5)
  A water moccasin (D:7)
  Duvessa (D:4)
  3 orc warriors
  An ice beast (D:6)
  2 black bears
  A swamp drake (D:11)
  2 sky beasts
  3 ogres
  3 centaurs
  3 wolves (D:9)
  Blork the orc (D:4)
  An elf zombie (Ossuary)
  A phantom (D:4)
  3 kobold brigands
  5 bullfrogs
  A necrophage (D:8)
  2 scorpions
  Dowan (D:4)
  4 wights (D:8)
  5 killer bees (D:9)
  3 howler monkeys
  2 hounds
  4 orc priests
  2 jellies (D:8)
  2 gnoll shamans (D:6)
  5 iguanas
  13 orc wizards
  2 mummies (Ossuary)
  Robin (D:4)
  7 gnolls (D:6)
  7 adders
  A shadow imp (D:7)
  An ufetubus (D:5)
  2 adder zombies (Ossuary)
  2 worms
  2 dart slugs
  44 orcs
  11 endoplasms
  5 giant cockroaches
  14 goblins
  7 hobgoblins
  23 kobolds
  4 quokkas
  4 ball pythons
  8 bats
  6 frilled lizards
  3 goblin zombies (Ossuary)
  8 hobgoblin zombies (Ossuary)
  4 jackal zombies (Ossuary)
  12 kobold zombies (Ossuary)
  6 orc zombies (Ossuary)
  10 rats
  A rat zombie (Ossuary)
292 creatures vanquished.

Vanquished Creatures (collateral kills)
  A hound (D:5)
  An adder (D:2)
  A goblin (D:2)
3 creatures vanquished.

Grand Total: 295 creatures vanquished

Notes
Turn   | Place    | Note
-------+----------+-------------------------------------------
     0 | D:1      | zishaf the Djinni Venom Mage began the quest for the Orb.
     0 | D:1      | Reached XP level 1. HP: 15/15 MP: 0/0
   131 | D:1      | Reached XP level 2. HP: 1/22 MP: 0/0
   701 | D:1      | Reached skill level 1 in Fighting
   880 | D:1      | You are sucked into a shaft and drop 1 floor!
   890 | D:2      | Reached XP level 3. HP: 6/27 MP: 0/0
   890 | D:2      | Learned a level 1 spell: Sandblast
  1237 | D:2      | Reached skill level 3 in Spellcasting
  1736 | D:1      | Found a faded altar of an unknown god.
  2410 | D:2      | Noticed Sigmund
  2426 | D:2      | Killed Sigmund
  2427 | D:2      | Reached skill level 4 in Spellcasting
  2427 | D:2      | Reached XP level 4. HP: 19/34 MP: 0/0
  2427 | D:2      | Reached XP level 5. HP: 22/40 MP: 0/0
  2427 | D:2      | Learned a level 2 spell: Call Imp
  2427 | D:2      | Reached XP level 6. HP: 25/45 MP: 0/0
  2781 | D:2      | Found Naixaeqa's Distillery.
  4022 | D:3      | Found a shimmering altar of Xom.
  4270 | D:3      | Found a snail-covered altar of Cheibriados.
  4622 | D:4      | Reached XP level 7. HP: 43/50 MP: 0/0
  4622 | D:4      | Learned a level 3 spell: Inner Flame
  4634 | D:4      | Found Qadeoppu's Distillery.
  4647 | D:4      | Noticed Blork the orc
  4654 | D:4      | Killed Blork the orc
  4655 | D:4      | Reached skill level 5 in Spellcasting
  4893 | D:4      | Noticed Duvessa
  4893 | D:4      | Noticed Dowan
  4899 | D:4      | Killed Duvessa
  4918 | D:4      | Killed Dowan
  5172 | D:4      | Reached XP level 8. HP: 41/58 MP: 0/0
  5944 | D:4      | Noticed Robin
  5947 | D:4      | Killed Robin
  6098 | D:5      | Entered Level 5 of the Dungeon
  6122 | D:5      | Reached skill level 6 in Spellcasting
  6270 | D:5      | Noticed Menkaure
  6275 | D:5      | Killed Menkaure
  6276 | D:5      | Reached skill level 5 in Fighting
  6420 | D:5      | Found a sand-covered staircase.
  6431 | Ossuary  | Entered an ossuary
  7945 | D:6      | Reached skill level 7 in Spellcasting
  7945 | D:6      | Reached XP level 9. HP: 58/66 MP: 0/0
  7945 | D:6      | Learned a level 3 spell: Dazzling Flash
  8258 | D:6      | Found an iron altar of Okawaru.
  8328 | D:6      | Noticed Eustachio
  8348 | D:6      | Killed Eustachio
  8534 | D:6      | Reached skill level 8 in Spellcasting
  9348 | D:7      | Found a staircase to the Ecumenical Temple.
  9428 | D:7      | Reached XP level 10. HP: 72/75 MP: 0/0
  9456 | Temple   | Entered the Ecumenical Temple
  9673 | Temple   | Became a worshipper of Makhleb the Destroyer
  9943 | D:7      | Found a shadowy altar of Dithmenos.
 10135 | D:8      | Reached skill level 1 in Invocations
 10391 | D:8      | Found a runed translucent gate.
 10391 | D:8      | Found a runed translucent gate.
 10392 | D:8      | Found a runed translucent gate.
 10396 | D:8      | Noticed quokkamancerX's ghost (novice TrFi)
 10448 | D:8      | Reached skill level 9 in Spellcasting
 10477 | D:8      | Found a glowing golden altar of the Shining One.
 10648 | D:8      | Noticed a gargoyle
 11051 | D:8      | Noticed a gargoyle
 11062 | D:8      | Noticed a gargoyle
 11062 | D:8      | Noticed a gargoyle
 11062 | D:8      | Noticed a gargoyle
 11456 | D:9      | Noticed Grum
 11483 | D:9      | Killed Grum
 12525 | D:9      | Reached * piety under Makhleb
 12935 | D:10     | Entered Level 10 of the Dungeon
 13024 | D:10     | Reached XP level 11. HP: 35/82 MP: 0/0
 13024 | D:10     | Learned a level 4 spell: Petrify
 13534 | D:10     | Reached skill level 10 in Spellcasting
 13767 | D:10     | Found a staircase to the Lair.
 14135 | D:11     | Reached skill level 5 in Invocations
 14516 | D:11     | Found a staircase to the Orcish Mines.
 14527 | D:11     | Reached ** piety under Makhleb
 14733 | D:11     | Noticed a white ugly thing
 14744 | D:11     | Killed a white ugly thing
 15203 | D:11     | Noticed a seven-headed hydra
 15208 | D:11     | Slain by a seven-headed hydra

Illustrated notes

Levels and vault maps discovered:
D:1:      heliophobic_arrival_enchanted_forest, layout_basic,
          shapermc_ecumenical_altar_gd, minmay_bisected
D:2:      layout_loops_corners, serial_shops, shop, serial_glass,
          glass_columns_a, glass_columns_b, roderic_roman_lattice, uniq_sigmund
D:3:      layout_basic, lemuel_coloured_pillars_altar, tgw_xom
D:4:      layout_loops_ring, serial_shops, shop, uniq_robin, uniq_blork_the_orc,
          uniq_duvessa
D:5:      layout_gridville, enter_ossuary_2, hangedman_decor_opposing,
          uniq_menkaure
D:6:      minmay_spotlight, layout_rooms, okawaru_trees_2,
          grunt_decor_mini_mirrors, minmay_misc_feat_roman, uniq_eustachio
D:7:      layout_rooms, mainiacjoe_overflow_six_doors_small,
          minmay_temple_entry_fiery
D:8:      cheibrodos_statue_roulette, layout_loops_cross,
          nicolae_tso_carved_into_rock, gammafunk_ghost_spectres
D:9:      layout_small_grid, old_standard_altar, kennysheep_generic_room_16,
          uniq_grum
D:10:     layout_gridville, lair_entry_dummy
D:11:     layout_basic, erik_orc_1
Temple:   nicolae_temple_elliptical

Skill      XL: |  1  2  3  4  5  6  7  8  9 10 11 |
---------------+----------------------------------+-----
Fighting       | 1 2 3 4 5 7 8 9 |  9.3
Spellcasting   | 4 5 7 8 9 10 | 10.5
Invocations    | 4 5 |  5.3
Dodging        | |  2.1
Stealth        | |  1.5

Action                   |  1- 3 |  4- 6 |  7- 9 | 10-12 || total
-------------------------+-------+-------+-------+-------++-------
Melee: Unarmed           |     2 |       |       |       ||     2
       Dagger            |     1 |    15 |    39 |    62 ||   117
 Cast: Sting             |    82 |    16 |     2 |       ||   100
       Mephitic Cloud    |     2 |       |     1 |     5 ||     8
       Poisonous Vapours |       |    26 |    91 |    80 ||   197
       Sandblast         |       |    23 |    56 |    30 ||   109
       Call Imp          |       |     1 |     1 |     1 ||     3
       Inner Flame       |       |       |    44 |    14 ||    58
       Olgreb's Toxic Ra |       |       |     6 |    12 ||    18
       Petrify           |       |       |       |     4 ||     4
Evoke: Wand              |       |       |       |     1 ||     1
  Use: Scroll            |       |    13 |    10 |     6 ||    29
 Stab: Sleeping          |       |     1 |       |       ||     1
Armor: Robe              |     9 |    11 |    34 |    41 ||    95
Dodge: Dodged            |    22 |    15 |    46 |    97 ||   180

Table legend: (Time is in decaauts)
 A = Elapsed time spent in this place.
 B = Non-inter-level travel time spent in this place.
 C = Inter-level travel time spent in this place.
 D = Time resting spent in this place.
 E = Time spent auto-exploring this place.
 F = Levels seen in this place.
 G = Mean time per level.
                   A        B        C        D        E       F      G
               +--------+--------+--------+--------+--------+-----+--------+
         Total |  15203 |  14647 |    556 |   2863 |   9090 |  13 | 1169.5 |
       Dungeon |  13985 |  13530 |    455 |   2187 |   8843 |  11 | 1271.4 |
        Temple |    241 |    140 |    101 |      0 |    123 |   1 |  241.0 |
       Ossuary |    976 |    976 |      0 |    676 |    124 |   1 |  976.0 |
               +--------+--------+--------+--------+--------+-----+--------+

Top non-repeatable levels by time:
     D:9: 1828 daAuts
     D:2: 1814 daAuts
     D:4: 1556 daAuts
     D:1: 1458 daAuts
     D:3: 1267 daAuts
    D:10: 1179 daAuts
    D:11: 1092 daAuts
     D:6: 1031 daAuts
     D:8: 1022 daAuts
 Ossuary: 976 daAuts
     D:7: 881 daAuts
     D:5: 851 daAuts
  Temple: 241 daAuts
